 Dungeon Crawl Stone Soup version 0.31.0-32-g396128a36d (webtiles) character file.

Game seed: 4611542168344529828

210 monsoonserge the Changeling (level 5, 0/35 HPs)
             Began as an Octopode Shapeshifter on Apr 12, 2024.
             Slain by a gnoll
             ... wielding a +0 halberd
              (12 damage)
             ... on level 3 of the Dungeon.
             The game lasted 00:06:18 (2478 turns).

monsoonserge the Changeling (Octopode Shapeshifter) Turns: 2478, Time: 00:06:19

Health: 0/35       AC:  1    Str: 15    XL:     5   Next: 88%
Magic:  5/5        EV: 13    Int: 12    God:
Gold:   157        SH:  0    Dex: 12    Spells: 4/4 levels left

rFire   . . .        g - +2 whip (venom)
rCold   . . .        (no shield)
rNeg    . . .        (helmet currently unavailable)
rPois   .            (no amulet)
rElec   .            (no ring)
rCorr   .            (no ring)
SInv    .            (no ring)
Will    .....        (no ring)
Stlth   ++++         (no ring)
HPRegen 0.25/turn    (no ring)
MPRegen 0.09/turn    (no ring)
                     (no ring)

%: no passive effects
@: beast-form
A: beast (slay +2), almost no armour, amphibious, 8 rings, camouflage 1,
gelatinous body 1, nimble swimmer 1, tentacles
a: Begin Untransformation


You were on level 3 of the Dungeon.
You were a hulking beast.
You visited 1 branch of the dungeon, and saw 3 of its levels.

You collected 157 gold pieces.

Inventory:

Hand Weapons
 g - a +2 whip of venom (weapon)
Missiles
 d - 6 poisoned darts (quivered)
 q - 2 boomerangs
Talismans
 b - a beast talisman
 c - a flux talisman
Wands
 r - a wand of mindburst (10)
Scrolls
 h - a scroll of amnesia {unknown}
 j - 3 scrolls of identify {unknown}
 k - a scroll of teleportation {unknown}
 l - a scroll of summoning {unknown}
 n - a scroll of enchant weapon {unknown}
 s - a scroll of immolation {unknown}
Potions
 a - a potion of lignification
 e - a potion of invisibility {unknown}
 f - a potion of heal wounds {unknown}
 i - a potion of degeneration {unknown}
 m - 3 potions of berserk rage {unknown}
 o - 2 potions of brilliance {unknown}
 p - a potion of resistance {unknown}


   Skills:
 + Level 2.5 Fighting
 * Level 3.0 Maces & Flails
 + Level 2.5 Dodging
 + Level 2.4 Stealth
 - Level 3.2 Unarmed Combat
 + Level 0.7 Evocations
 - Level 3.5 Shapeshifting


You had 4 spell levels left.
You didn't know any spells.
Your spell library contained the following spells:

 Spells                   Type           Power      Damage    Failure   Level
 Apportation              Tloc           0%         N/A       32%         1
 Necrotise                Necr           0%         1d4       32%         1
 Sting                    Conj/Alch      0%         1d3       32%         1
 Summon Small Mammal      Summ           0%         N/A       32%         1
 Ensorcelled Hibernation  Hex/Ice        0%         N/A       45%         2
 Mercury Vapours          Alch/Air       0%         N/A       45%         2
 Fugue of the Fallen      Necr           0%         N/A       69%         3
 Mephitic Cloud           Conj/Alch/Air  0%         N/A       69%         3
 Anguish                  Hex/Necr       0%         N/A       97%         4
 Freezing Cloud           Conj/Ice/Air   0%         6-21      100%        5


Dungeon Overview and Level Annotations

Branches:
Dungeon (3/15)

Altars:
Uskayaw

Annotations:
D:3 2 transporters, runthedishwasher's ghost, weakling OpCj


Innate Abilities, Weirdness & Mutations

You are a hulking beast.
Your limbs bulge with bestial killing power. (Slay +2)
You cannot wear most types of armour.
You are amphibious.
You can wear up to eight rings at the same time.
Your skin changes colour to match your surroundings (Stealth+).
Your rubbery body absorbs attacks. (AC +1, EV +1)
You are camouflaged when in or above water. (Stealth+)
You have tentacles for arms and can constrict up to eight enemies at once.


Message History

An orc comes into view. It is wielding a +0 short sword.
The orc shouts!
You whack the orc!
You kill the orc!
You hear a splash.
Things that are here:
a +0 short sword; an orc corpse A gnoll comes into view.
It is wielding a +0 spear.
An orc comes into view. It is wielding a +0 war axe.
The gnoll shouts!
The orc shouts!
You hit the gnoll. Your grab misses the gnoll.
The gnoll is moderately wounded.
You hear a shout!
A gnoll comes into view. It is wielding a +0 halberd.
A gnoll comes into view. It is wielding a +0 spear.
The gnoll hits you with a +0 spear.
You hit the gnoll.
The gnoll is poisoned.
You grab the gnoll. You squeeze the gnoll!
The gnoll is almost dead.
You constrict the gnoll.
You kill the gnoll!
You closely miss the orc. You grab the orc.
You squeeze the orc, but do no damage. You constrict the orc.
The orc misses you.
A gnoll breaks down the door.
You completely miss the orc. You squeeze the orc.
You kill the orc!
Your Maces & Flails skill increases to level 3!
The gnoll closely misses you.
You barely miss the gnoll. Your grab misses the gnoll.
The gnoll closely misses you. x2
You barely miss the gnoll. You grab the gnoll. You constrict the gnoll.
The gnoll hits you from afar with a +0 halberd!
You hit the gnoll. You squeeze the gnoll.
You kill the gnoll!
You hear a splash.
The gnoll hits you from afar with a +0 halberd!
You closely miss the gnoll. You grab the gnoll. You squeeze the gnoll.
The gnoll is moderately wounded.
You constrict the gnoll. The gnoll hits you with a +0 halberd!
You die...

#............. #####.##......
#.##...... ######.##......
#.)............
###################.############.
........................... .
~~~~~~≈≈~~~≈~~~~≈~....~~≈~≈ ~
≈≈≈≈≈≈≈≈≈≈≈≈~≈≈≈hg....~≈≈≈≈
≈#####~~≈~~)≈≈~~~)....~~≈~~
≈#.gg#...........))........
≈#...#############''''#####
≈###'# ....#.. ≈~.#.o '....'..
≈~.#.#. ....#.. ≈≈.#g## #######
~≈.#


You could see a gnoll.

Vanquished Creatures
  A howler monkey (D:3)
  Ijyb (D:3)
  An orc wizard (D:3)
  2 gnolls (D:3)
  An adder (D:2)
  2 dart slugs
  5 orcs (D:3)
  7 bats
  3 endoplasms (D:3)
  7 goblins
  5 hobgoblins
  21 jackals
  4 kobolds
  A quokka (D:1)
  7 ball pythons
  5 frilled lizards
  4 rats
77 creatures vanquished.

Notes
Turn   | Place    | Note
-------+----------+-------------------------------------------
     0 | D:1      | monsoonserge the Octopode Shapeshifter began the quest for
                  | the Orb.
     0 | D:1      | Reached XP level 1. HP: 13/13 MP: 1/1
   250 | D:1      | Reached XP level 2. HP: 18/18 MP: 2/2
   258 | D:1      | Reached skill level 1 in Stealth
   332 | D:1      | Found a faded altar of an unknown god.
   524 | D:1      | Reached XP level 3. HP: 24/24 MP: 3/3
  1304 | D:2      | Reached skill level 1 in Maces & Flails
  1550 | D:3      | Reached XP level 4. HP: 28/29 MP: 4/4
  1614 | D:3      | Found a hide-covered altar of Uskayaw.
  1639 | D:3      | Found a transporter.
  1643 | D:3      | Noticed runthedishwasher's ghost (weakling OpCj)
  1644 | D:3      | Found a transporter.
  2082 | D:3      | Noticed Ijyb
  2091 | D:3      | Killed Ijyb
  2092 | D:3      | Reached XP level 5. HP: 7/34 MP: 5/5
  2478 | D:3      | Slain by a gnoll

Illustrated notes

Levels and vault maps discovered:
D:1:      dpeg_arrival_leaves_temple_mockup, layout_loops_ring,
          ebering_ecumenical_altar_box
D:2:      cheibrodos_helix_gallery, layout_rooms
D:3:      lemuel_castle_with_subvaults [lemuel_castle_interior_carwin_1],
          layout_basic, mainiacjoe_overflow_paths, gammafunk_ghost_mausoleum,
          uniq_ijyb

Skill      XL: |  1  2  3  4  5 |
---------------+----------------+-----
Stealth        | 1 2 |  2.4
Fighting       | 2 |  2.5
Maces & Flails | 1 2 3 |  3.0
Dodging        | |  2.5
Unarmed Combat | |  3.2
Evocations     | |  0.7
Shapeshifting  | |  3.5

Action                     |  1- 3 |  4- 6 || total
---------------------------+-------+-------++-------
  Melee: Unarmed           |    38 |       ||    38
         Constrict         |    18 |    20 ||    38
         Tentacles         |    11 |    16 ||    27
         Punch             |     3 |     2 ||     5
         Whip              |    34 |    67 ||   101
   Stab: Sleeping          |     5 |     6 ||    11
 Armour: Skin              |    42 |    19 ||    61
  Dodge: Dodged            |    51 |    29 ||    80
